 Dungeon Crawl Stone Soup version 0.23-a0-358-g98c7a59 (webtiles) character file.

342 Yakui the Slasher (level 6, -3/47 HPs)
             Began as a Human Fighter on Oct 22, 2018.
             Killed from afar by an orc wizard (10 damage)
             ... with a puff of flame
             ... on level 4 of the Dungeon.
             The game lasted 00:10:38 (1618 turns).

Yakui the Slasher (Human Fighter)                   Turns: 1618, Time: 00:10:38

Health: -3/47      AC:  6    Str: 28    XL:     6   Next: 88%
Magic:  6/6        EV: 11    Int:  8    God:
Gold:   73         SH:  0    Dex: 12    Spells: 5/5 levels left

rFire    . . .     SeeInvis .   a - +0 long sword
rCold    . . .     Gourm    .   (no shield)
rNeg     . . .     Faith    .   b - +0 scale mail
rPois    .         Spirit   .   (no helmet)
rElec    .         Reflect  .   (no cloak)
rCorr    .         Harm     .   (no gloves)
MR       .....                  (no boots)
Stlth    ..........             (no amulet)
HPRegen  0.15/turn              k - +4 ring of strength
MPRegen  0.10/turn              (no ring)

@: mighty
A: no striking features
a: no special abilities


You were on level 4 of the Dungeon.
You were hungry.

You visited 1 branch of the dungeon, and saw 4 of its levels.

You collected 73 gold pieces.

Inventory:

Hand Weapons
 a - a +0 long sword (weapon)
Armour
 b - a +0 scale mail (worn)
 c - a +0 shield
Jewellery
 k - a +4 ring of strength (left hand)
Scrolls
 e - 3 scrolls of identify
 h - a scroll of remove curse {unknown}
 i - a scroll of amnesia {unknown}
 j - 2 scrolls of random uselessness {unknown}
Comestibles
 f - 4 rations
 l - 5 chunks of flesh


   Skills:
 - Level 3.5 Fighting
 * Level 5.3 Long Blades
 - Level 3.0 Armour
 - Level 1.6 Dodging
 + Level 4.1 Shields


You had 5 spell levels left.
You didn't know any spells.
Your spell library was empty.

Dungeon Overview and Level Annotations

Branches:
Dungeon (5/15)
 Temple: D:4-7

Altars:
Ashenzari
Kikubaaqudgha
Zin


Message History

You're too confused to move!
The orc throws a tomahawk.
The tomahawk hits you but does no damage.
Something hits you.
* * * LOW HITPOINT WARNING * * *
A scorpion comes into view.
You feel less confused. Something hits you but does no damage.
An orc wizard appears from thin air!
Reactivating autopickup.
The orc wizard casts a spell at you. The magic dart hits you!
* * * LOW HITPOINT WARNING * * *
You see here 2 tomahawks.
The orc throws a tomahawk.
The tomahawk hits you but does no damage.
There is an escape hatch in the ceiling here.
You see here a tomahawk.
The orc wizard casts a spell at you. The puff of flame hits you!
You die...

# #####.# #.$.#.#
#...#.#
####>....##
.###....†....###.
........)...s....
.###...†(....###.
###.o@..###
#..o....#
............#
..###.......#
##.....## ##...##
##.## #.. .#


You could see a scorpion, an orc wizard and an orc.

Vanquished Creatures
  Sigmund (D:2)
  A scorpion (D:2)
  A hound (D:4)
  2 orc wizards (D:4)
  2 adders (D:4)
  3 leopard geckos
  3 orcs (D:4)
  A giant cockroach (D:1)
  2 goblins
  4 hobgoblins
  7 kobolds (D:1)
  A quokka (D:2)
  A ball python (D:1)
  5 bats
  2 frilled lizards (D:1)
  3 rats
39 creatures vanquished.

Notes
Turn   | Place    | Note
-------+----------+-------------------------------------------
     0 | D:1      | Yakui the Human Fighter began the quest for the Orb.
     0 | D:1      | Reached XP level 1. HP: 18/18 MP: 1/1
    79 | D:1      | Reached XP level 2. HP: 14/24 MP: 2/2
   633 | D:1      | Reached XP level 3. HP: 29/29 MP: 3/3
   676 | D:1      | Reached skill level 3 in Long Blades
   821 | D:2      | Found a glowing silver altar of Zin.
   856 | D:2      | Found a shattered altar of Ashenzari.
   883 | D:2      | Noticed a scorpion
   903 | D:2      | Killed a scorpion
   903 | D:2      | Reached XP level 4. HP: 35/35 MP: 4/4
   936 | D:2      | Noticed Sigmund
   949 | D:2      | HP: 1/35 [something (10)]
   953 | D:2      | Killed Sigmund
   953 | D:2      | Reached skill level 4 in Long Blades
   953 | D:2      | Reached skill level 1 in Dodging
   953 | D:2      | Reached XP level 5. HP: 2/41 MP: 5/5
   953 | D:2      | Reached XP level 6. HP: 2/47 MP: 6/6
  1518 | D:2      | You fall through a shaft for 2 floors!
  1549 | D:4      | Noticed an ogre
  1550 | D:4      | Reached skill level 5 in Long Blades
  1557 | D:5      | Entered Level 5 of the Dungeon
  1557 | D:5      | Found an ancient bone altar of Kikubaaqudgha.
  1618 | D:4      | Killed from afar by an orc wizard

Vault maps used:
D:1:      co_arrival_square_in_a_square_in_a_square
D:2:      nicolae_overflow_crystal_walls, ashenzari_altar_1, uniq_sigmund
D:4:      lemuel_coloured_pillars_altar, serial_shops, kennysheep_mini,
          minmay_misc_feat_tower, minmay_misc_feat_roman,
          brannock_xom_greatest_gift
D:5:      minmay_temple_entry_fiery, basic_altar, first_ration, uniq_ijyb

Skill      XL: |  1  2  3  4  5  6 |
---------------+-------------------+-----
Long Blades    | 3 4 5 |  5.3
Dodging        | 1 |  1.6
Shields        | 4 |  4.1
Fighting       | |  3.5
Armour         | |  3.0

Action                   |  1- 3 |  4- 6 || total
-------------------------+-------+-------++-------
Melee: Long sword        |    98 |    57 ||   155
  Use: Scroll            |     2 |       ||     2
       Potion            |     1 |     4 ||     5
  Eat: Chunk             |       |     2 ||     2
Armor: Scale mail        |    47 |    44 ||    91
       Skin              |    18 |       ||    18
Dodge: Dodged            |    55 |    43 ||    98
       Rpst.: Long sword |    17 |     8 ||    25

Table legend:
 A = Non-vault XP
 B = Vault XP
 C = Vault XP percentage of total XP
 D = Non-vault monster count
 E = Vault monster count
 F = Vault count percentage of total count
                 A         B        C        D         E       F
            +---------+---------+-------+---------+---------+-------
      Total |     277 |     212 |  43.4 |      38 |       1 |   2.6
            +---------+---------+-------+---------+---------+-------
        D:1 |      34 |       0 |   0.0 |      21 |       0 |   0.0
        D:2 |      83 |     212 |  71.9 |       9 |       1 |  10.0
        D:4 |     160 |       0 |   0.0 |       8 |       0 |   0.0
            +---------+---------+-------+---------+---------+-------
